 Dungeon Crawl Stone Soup version 0.30-b1-2-g02819fbbbe (webtiles) character file.

Game seed: 12599285924385927647

15022 timruff4 the Grappler (level 11, -1/169 HPs)
             Began as a Troll Berserker on Dec 3, 2023.
             Was a High Priest of Trog.
             Succumbed to Amaemon's poison
             ... on level 2 of the Lair of Beasts.
             The game lasted 00:22:15 (9714 turns).

timruff4 the Grappler (Troll Berserker)             Turns: 9714, Time: 00:22:15

Health: -1/169     AC:  9    Str: 27    XL:     11   Next: 96%
Magic:  10/10      EV: 13    Int:  3    God:    Trog [*****.]
Gold:   691        SH:  0    Dex: 13    Spells: 10/10 levels left

rFire   + .          .
                       - Unarmed
rCold   . . .        (no shield)
rNeg    . . .        a - +2 animal skin
rPois   .            (helmet restricted)
rElec   .            k - +2 cloak
rCorr   .            (gloves unavailable)
SInv    .            (boots unavailable)
Will    ++...        u - amulet of regeneration Stlth
                     j - ring of flight
HPRegen 3.08/turn    x - ring of protection from fire
MPRegen 0.12/turn

%: no passive effects
@: berserking, lethally poisoned (-1 -> -20), strong-willed, flying,
regenerating, slowed, studying Dodging
A: large, unfitting armour, claws 3, regeneration 1, shaggy fur 1, tough skin 1
a: Renounce Religion, Berserk, Trog's Hand, Brothers in Arms


You were on level 2 of the Lair of Beasts.
You worshipped Trog.
Trog was extremely pleased with you.
You visited 2 branches of the dungeon, and saw 11 of its levels.

You collected 691 gold pieces.

Inventory:

Armour
 a - a +2 animal skin (worn)
 k - a +2 cloak (worn)
Jewellery
 g - a ring of ice
 j - a ring of flight (left claw)
 o - a ring of willpower
 u - an amulet of regeneration (around neck)
 x - a ring of protection from fire (right claw)
 z - a ring of protection from cold
 E - an amulet of the acrobat
Wands
 y - a wand of paralysis (13)
 B - a wand of iceblast (16)
 H - a wand of polymorph (19)
 J - a wand of digging (8)
Scrolls
 c - a scroll of vulnerability {unknown}
 d - 4 scrolls of fog
 e - a scroll of fear
 f - 6 scrolls of teleportation
 m - a scroll of torment
 p - a scroll of blinking
 t - a scroll of enchant weapon
 C - a scroll of magic mapping {unknown}
 D - a scroll of amnesia {unknown}
 F - 5 scrolls of identify
 G - a scroll of enchant armour
 I - a scroll of immolation {unknown}
 K - a scroll of brand weapon {unknown}
Potions
 b - a potion of haste
 h - a potion of degeneration
 i - a potion of attraction {unknown}
 l - 2 potions of flight
 n - 6 potions of heal wounds
 r - a potion of mutation
 s - 4 potions of curing {unknown}
 v - 2 potions of brilliance {unknown}
 w - 4 potions of might {unknown}
 A - 3 potions of berserk rage


   Skills:
 + Level 8.7 Fighting
 - Level 0.6 Armour
 + Level 9.4 Dodging
 * Level 14.0 Unarmed Combat


You had 10 spell levels left.
You didn't know any spells.
Your spell library was empty.

Dungeon Overview and Level Annotations

Branches:
Dungeon (9/15)             Temple (0/1) D:6            Lair (2/5) D:9
  Snake (0/4) Lair:2
  Swamp: Lair:2-3    Shoals: Lair:2-3       Orc: D:9-12

Altars:
Cheibriados
Elyvilon
Makhleb
Ru
Uskayaw
Vehumet
Zin
The Shining One

Annotations:
D:8 3 transporters
Lair:2 Amaemon


Innate Abilities, Weirdness & Mutations

You are too large for most types of armour.
You have claws for hands.
Your natural rate of healing is unusually fast.
You are covered in fur. (AC +1)
You have tough skin. (AC +1)


Message History

The orange demon no longer looks unusually toxic.
Amaemon says, "Need some antivenom?
Don't worry, you can trust me."
Amaemon hits you with a -1 demon whip of venom.
You are more poisoned.
Amaemon barely misses you. Amaemon tail-slaps you.
* * * LOW HITPOINT WARNING * * *
The orange demon stings you but does no damage.
You claw Amaemon!
Amaemon is heavily wounded.
You feel very sick.
Amaemon hits you with a -1 demon whip of venom!
* * * LOW HITPOINT WARNING * * *
You are more poisoned.
Amaemon barely misses you. Amaemon tail-slaps you.
* * * LOW HITPOINT WARNING * * *
The orange demon misses you.
You mangle Amaemon!!
Amaemon is severely wounded.
You feel extremely sick.
Unknown command.
You barely miss Amaemon. You claw Amaemon!!
Amaemon is almost dead.
Your attacks no longer feel as feeble.
You feel very sick.
Amaemon hits you with a -1 demon whip of venom!
* * * LOW HITPOINT WARNING * * *
You are lethally poisoned!
Amaemon claws you.
* * * LOW HITPOINT WARNING * * *
Amaemon barely misses you. The orange demon stings you from afar.
* * * LOW HITPOINT WARNING * * *
You are too berserk!
Unknown command.
Unknown command.
You are too berserk!
You are too berserk!
You are too berserk!
You closely miss Amaemon.
Amaemon is almost dead.
You die...

###### ########
##...#.#######.!#.#.##
.....................#
.....................#
..............4.....P#
...P.## #6@...# #..###
##....# #..## ##....#
....# #.....# #..##
#.....## ....#
#......# #...#
#.....## #..###
#......#
...#.#######P###....##


You could see Amaemon and an orange demon.

Vanquished Creatures
  2 two-headed ogres
  A death yak (D:9)
  The ghost of othur the Basher, a novice GrFi of Qazlal (D:8)
  An oklob plant (Lair:1)
  3 cane toads
  3 black mambas (Lair:2)
  2 komodo dragons
  2 rime drakes
  A troll (D:8)
  A polar bear (Lair:1)
  Prince Ribbit (D:6)
  Sigmund (D:6)
  A shadow (D:6)
  2 wyverns
  21 yaks
  A basilisk (D:9)
  3 steam dragons
  10 water moccasins
  A black bear (D:9)
  2 sky beasts
  An ice beast (D:7)
  2 orc warriors
  An ogre (D:6)
  4 centaurs
  5 wolves (Lair:2)
  3 phantoms
  2 kobold brigands
  8 bullfrogs
  A gnoll sergeant (D:9)
  2 scorpions (D:5)
  4 killer bees (D:9)
  2 howler monkeys
  8 orc priests
  3 hounds
  2 jellies
  3 sleepcaps
  2 iguanas
  5 orc wizards
  8 hell rats (Lair:1)
  5 adders
  8 gnolls
  7 river rats (Lair:1)
  2 shadow imps
  2 white imps
  2 ufetubi (D:6)
  2 worms
  2 dart slugs
  34 orcs
  5 bats
  5 endoplasms
  A giant cockroach (D:2)
  14 goblins
  10 hobgoblins
  12 quokkas
  7 ball pythons
  4 frilled lizards
  20 kobolds
  22 rats
290 creatures vanquished.

Vanquished Creatures (others)
  20 fungi
  37 plants
57 creatures vanquished.

Grand Total: 347 creatures vanquished

Notes
Turn   | Place    | Note
-------+----------+-------------------------------------------
     0 | D:1      | timruff4 the Troll Berserker began the quest for the Orb.
     0 | D:1      | Reached XP level 1. HP: 22/22 MP: 0/0
   143 | D:1      | Reached XP level 2. HP: 29/29 MP: 1/1
   595 | D:1      | Reached XP level 3. HP: 36/36 MP: 2/2
   909 | D:2      | Reached ** piety under Trog
  1193 | D:3      | Reached XP level 4. HP: 43/44 MP: 3/3
  1246 | D:3      | Reached skill level 4 in Unarmed Combat
  1496 | D:3      | Reached XP level 5. HP: 48/53 MP: 4/4
  1680 | D:3      | Reached *** piety under Trog
  1746 | D:3      | Identified the +1 helmet "Tuthraept" {Harm rF+ Str+3}
  2243 | D:4      | Reached skill level 5 in Unarmed Combat
  2247 | D:4      | Reached XP level 6. HP: 46/61 MP: 5/5
  3083 | D:5      | Entered Level 5 of the Dungeon
  3132 | D:5      | Found a glowing golden altar of the Shining One.
  3221 | D:5      | Noticed an orc warrior
  3232 | D:5      | Killed an orc warrior
  3233 | D:5      | Reached skill level 6 in Unarmed Combat
  3233 | D:5      | Reached XP level 7. HP: 46/68 MP: 6/6
  3699 | D:5      | Found a burning altar of Makhleb.
  3846 | D:5      | Reached **** piety under Trog
  3936 | D:6      | Noticed a shadow
  3946 | D:6      | Killed a shadow
  3947 | D:6      | Reached skill level 7 in Unarmed Combat
  3947 | D:6      | Reached XP level 8. HP: 56/79 MP: 7/7
  4420 | D:6      | Found a staircase to the Ecumenical Temple.
  4475 | D:6      | Noticed Prince Ribbit
  4487 | D:6      | Killed Prince Ribbit
  4488 | D:6      | Reached skill level 5 in Fighting
  4488 | D:6      | Reached skill level 5 in Dodging
  4488 | D:6      | Reached skill level 8 in Unarmed Combat
  4496 | D:6      | Noticed Sigmund
  4503 | D:6      | Killed Sigmund
  4637 | D:6      | Found a sacrificial altar of Ru.
  4923 | D:7      | Identified the +12 dagger "Worm" {vamp, Will- Str+5}
  4940 | D:7      | Reached XP level 9. HP: 88/88 MP: 8/8
  5174 | D:7      | Identified the +5 pair of boots of the Sacrificial Victim
                  | {+Blink rN+}
  5211 | D:7      | Found a white marble altar of Elyvilon.
  5222 | D:7      | Identified the +0 leather armour of Loss {Contam Int-3
                  | Dex+7}
  5231 | D:7      | Reached skill level 9 in Unarmed Combat
  5294 | D:7      | Found a hide-covered altar of Uskayaw.
  5873 | D:7      | Noticed a two-headed ogre
  5880 | D:7      | Killed a two-headed ogre
  6013 | D:8      | Noticed a troll
  6029 | D:8      | Killed a troll
  6030 | D:8      | Reached skill level 10 in Unarmed Combat
  6049 | D:8      | Found a runed translucent gate.
  6049 | D:8      | Noticed othur's ghost (novice GrFi)
  6077 | D:8      | Found a runed translucent gate.
  6078 | D:8      | Found a runed translucent gate.
  6446 | D:8      | Found a transporter.
  6447 | D:8      | Found a transporter.
  6449 | D:8      | Found a transporter.
  6453 | D:8      | Found a transporter.
  6552 | D:8      | Reached XP level 10. HP: 77/100 MP: 9/9
  6735 | D:8      | Killed othur's ghost
  6748 | D:8      | Reached skill level 11 in Unarmed Combat
  6877 | D:9      | Found a glowing silver altar of Zin.
  6953 | D:9      | Noticed a two-headed ogre
  6954 | D:9      | Found a snail-covered altar of Cheibriados.
  6959 | D:9      | Killed a two-headed ogre
  7159 | D:9      | Found a radiant altar of Vehumet.
  7318 | D:9      | Reached ***** piety under Trog
  7359 | D:9      | Reached skill level 12 in Unarmed Combat
  7387 | D:9      | Found a staircase to the Lair.
  7388 | D:9      | Noticed a death yak
  7404 | D:9      | Killed a death yak
  7488 | D:9      | Identified the +5 short sword of Righteous Fury {heavy, Fly
                  | rC+}
  7617 | D:9      | Reached XP level 11. HP: 104/109 MP: 10/10
  7970 | Lair:1   | Entered Level 1 of the Lair of Beasts
  7970 | Lair:1   | Noticed an oklob plant
  7987 | Lair:1   | Killed an oklob plant
  8147 | Lair:1   | Identified a scroll of acquirement
  8147 | Lair:1   | Acquired a manual of Dodging
  8272 | Lair:1   | Reached skill level 13 in Unarmed Combat
  9435 | Lair:2   | Reached skill level 14 in Unarmed Combat
  9495 | Lair:2   | Found a staircase to the Snake Pit.
  9696 | Lair:2   | Noticed Amaemon
  9713 | Lair:2   | HP: 5/169 [orange demon[Amaemon] (4)]
  9714 | Lair:2   | Succumbed to Amaemon's poison

Illustrated notes

Levels and vault maps discovered:
D:1:      sevenhm_arrival_forest_fort_large_4, layout_rooms,
          minmay_misc_feat_five
D:2:      layout_rooms
D:3:      layout_basic
D:4:      layout_basic
D:5:      wander_river, layout_basic, mainiacjoe_overflow_concentric_impassable,
          lemuel_tele_altar
D:6:      layout_gridville, kennysheep_mini_moat, minmay_temple_entry_waves,
          fountainhead, uniq_sigmund, uniq_prince_ribbit1
D:7:      layout_cave_pods, lemuel_crystal_altar,
          nicolae_elyvilon_peaceful_grove, st_stairs_13, minivault_10
D:8:      layout_basic, biasface_ghost_orc_armoury, nicolae_diode_quadrants
D:9:      layout_basic, mainiacjoe_overflow_paths,
          nicolae_overflow_hidden_temple, david_lair_generic,
          minmay_stone_trees_small
Lair:1:   lemuel_ratsnest, layout_chaotic_city, dpeg_stationary_puzzle
Lair:2:   layout_chaotic_city, minmay_snake_entry_six_corridors, uniq_amaemon

Skill      XL: |  1  2  3  4  5  6  7  8  9 10 11 |
---------------+----------------------------------+-----
Unarmed Combat | 4 5 6 7 8 10 12 14 | 14.0
Fighting       | 3 4 5 6 7 8 |  8.7
Dodging        | 3 4 5 6 7 9 |  9.4
Armour         | |  0.6

Action                     |  1- 3 |  4- 6 |  7- 9 | 10-12 || total
---------------------------+-------+-------+-------+-------++-------
  Melee: Unarmed           |   101 |   167 |   209 |   348 ||   825
         Punch             |     3 |     5 |     7 |    32 ||    47
 Invoke: Berserk           |       |     1 |     4 |     5 ||    10
         Trog's Hand       |       |     1 |     2 |     3 ||     6
    Use: Scroll            |       |     4 |    10 |     3 ||    17
   Stab: Sleeping          |       |     2 |       |       ||     2
 Armour: Animal skin       |    37 |    43 |    77 |    98 ||   255
  Dodge: Dodged            |    64 |    71 |   121 |   206 ||   462
